 Dungeon Sprint DCSS version 0.31-a0-95-g6fa058ef04 (webtiles) character file.

Game seed: 14677884849916307691

790 sircluck the Blocker (level 8, -1/69 (72) HPs)
             Began as a Formicid Fighter on May 25, 2023.
             Slain by a white imp (5 damage)
             ... summoned by a kobold demonologist
             ... in the Dungeon (Sprint I: "Red Sonja").
             The game lasted 00:01:33 (184 turns).

sircluck the Blocker (Formicid Fighter)              Turns: 184, Time: 00:01:33

HP:   -1/69 (72)    AC:  0    Str: 23    XL:     8   Next: 12%
MP:   8/8           EV: 10    Int:  8    God:
Gold: 324           SH:  0    Dex: 13    Spells: 7/7 levels left

rFire   . . .        i - +0 giant spiked club
rCold   . . .        (shield currently unavailable)
rNeg    . . .        b - +0 scale mail
rPois   .            (helmet unavailable)
rElec   .            (no cloak)
rCorr   .            (no gloves)
SInv    +            (no boots)
Will    .....        (no amulet)
Stlth   ++           (no ring)
HPRegen 0.31/turn    (no ring)
MPRegen 0.11/turn

%: no passive effects
@: corroded, lightly drained
A: permanent stasis, dig shafts and tunnels, antennae 3, four strong arms
a: Dig


You were in the Dungeon.
You visited 1 branch You collected 324 gold pieces.

Inventory:

Hand Weapons
 a - a +0 flail
 i - a +0 giant spiked club (weapon)
Armour
 b - a +0 scale mail (worn)
 c - a +0 buckler
Wands
 d - a wand of paralysis (5)
Scrolls
 h - a scroll of blinking
Potions
 e - a potion of curing
 g - 2 potions of magic


   Skills:
 + Level 10.0 Fighting
 + Level 8.8 Maces & Flails
 + Level 9.3 Armour
 + Level 5.4 Stealth
 + Level 10.4 Shields


You had 7 spell levels left.
You didn't know any spells.
Your spell library was empty.

Dungeon Overview and Level Annotations

Branches:
Dungeon (1/1)

Altars:
Makhleb
Xom
Jiyva
Lugonu


Innate Abilities, Weirdness & Mutations

You cannot be hasted, slowed, berserked, paralysed or teleported.
You can dig through walls and to a lower floor.
You have a pair of large antennae on your head. (SInv)
Your four strong arms can wield two-handed weapons with a shield.


Message History

Your Maces & Flails skill increases to level 8!
Your Armour skill increases to level 9!
Your Stealth skill increases to level 5!
You have reached level 8!
You feel stronger.
Unknown command.
You closely miss the kobold demonologist.
The smoke demon gestures at you. The ball of steam hits you!!
The kobold demonologist hits you with a +0 dagger.
Unknown command.
You are engulfed in a cloud of scalding steam.
* * * LOW HITPOINT WARNING * * *
You feel much better. The smoke demon hits you. x3
The kobold demonologist mumbles some strange words.
Aiming: Paralyse
Press: ? - help, Q - select action, (/) - cycle Shift-Dir - straight line, f - smoke demon
Aim: a smoke demon (summoned, chance to affect: 17%)
The smoke demon resists with almost no effort.
The smoke demon hits you. x2; The smoke demon closely misses you.
The kobold demonologist casts a spell.
Okay, then.
You closely miss the smoke demon. The smoke demon hits you. x3
* * * LOW HITPOINT WARNING * * *
The smoke demon gestures at you. The ball of steam hits you!
* * * LOW HITPOINT WARNING * * *
Unknown command.
You extend your mandibles.
You dig through the rock wall.
You feel drained. 4 demonic crawlers come into view.
The iron imp shouts!
The white imp shouts, "Quit, thou gorbellied sow-suckled baggage!"
The demonic crawler gives a hideous shriek! x4
The kobold demonologist casts a spell.
The white imp spits at you. The white imp hits you.
* * * LOW HITPOINT WARNING * * *
The white imp freezes you.
You die...

#####################
.'..#.)'..#__#..35..#
.#..'..#..'..'.4@K§5#
###'#####+#__####5..ss.#
#..# #### ####ss+ #### {
# { { { {


You could see 4 demonic crawlers, a hellwing (summoned), a kobold demonologist,
a smoke demon (summoned), an iron imp (summoned), a white imp (summoned) and a
shadow imp (summoned).

Vanquished Creatures
  A kobold demonologist (D)
  A slime creature (D)
  Sigmund (D)
  A floating eye (D)
  An ogre (D)
  Ijyb (D)
6 creatures vanquished.

Notes
Turn   | Place    | Note
-------+----------+-------------------------------------------
     0 | D        | sircluck the Formicid Fighter began the quest for the Orb.
     0 | D        | Reached XP level 1. HP: 18/18 MP: 1/1
    23 | D        | Noticed Ijyb
    29 | D        | Killed Ijyb
    30 | D        | Reached skill level 5 in Shields
    30 | D        | Reached XP level 2. HP: 23/26 MP: 2/2
    30 | D        | Reached XP level 3. HP: 28/32 MP: 3/3
    34 | D        | Noticed an ogre
    39 | D        | Killed an ogre
    40 | D        | Reached XP level 4. HP: 38/40 MP: 4/4
    40 | D        | Reached XP level 5. HP: 44/46 MP: 5/5
    59 | D        | Noticed Sigmund
    62 | D        | Killed Sigmund
    63 | D        | Reached skill level 5 in Maces & Flails
    63 | D        | Reached XP level 6. HP: 46/56 MP: 6/6
    76 | D        | Found a burning altar of Makhleb.
    76 | D        | Found a viscous altar of Jiyva.
    76 | D        | Found a shimmering altar of Xom.
    76 | D        | Found a corrupted altar of Lugonu.
    76 | D        | Noticed a slime creature
    82 | D        | Killed a slime creature
    83 | D        | Reached XP level 7. HP: 38/63 MP: 7/7
   171 | D        | Noticed a kobold demonologist
   172 | D        | Noticed a kobold demonologist
   175 | D        | Reached skill level 10 in Shields
   175 | D        | Noticed a rust devil
   176 | D        | Noticed a smoke demon
   178 | D        | Killed a kobold demonologist
   179 | D        | Reached skill level 10 in Fighting
   179 | D        | Reached skill level 5 in Stealth
   179 | D        | Reached XP level 8. HP: 50/72 MP: 8/8
   184 | D        | Noticed a demonic crawler
   184 | D        | Noticed a demonic crawler
   184 | D        | Noticed a demonic crawler
   184 | D        | Noticed a demonic crawler
   184 | D        | Slain by a white imp

Illustrated notes

Levels and vault maps discovered:
D:        dungeon_sprint_1 [red_sonja_temple_1, red_sonja_temple_small_1]

Skill      XL: |  1  2  3  4  5  6  7 |
---------------+----------------------+-----
Fighting       | 4 6 7 8 10 | 10.0
Armour         | 4 6 7 8 9 |  9.3
Shields        | 5 7 8 9 10 | 10.4
Maces & Flails | 4 5 6 8 |  8.8
Stealth        | 2 3 4 5 |  5.4

Action                     |  1- 3 |  4- 6 |  7- 9 || total
---------------------------+-------+-------+-------++-------
  Melee: Flail             |     8 |       |       ||     8
         Giant spiked club |       |     6 |     8 ||    14
Ability: Dig               |     1 |       |     1 ||     2
  Evoke: Wand              |     1 |       |     1 ||     2
    Use: Potion            |     1 |       |     1 ||     2
   Stab: Paralysed         |     3 |       |       ||     3
 Armour: Scale mail        |     2 |     1 |       ||     3
  Dodge: Dodged            |     2 |     2 |     7 ||    11

Table legend: (Time is in decaauts)
 A = Elapsed time spent in this place.
 B = Non-inter-level travel time spent in this place.
 C = Inter-level travel time spent in this place.
 D = Time resting spent in this place.
 E = Time spent auto-exploring this place.
 F = Levels seen in this place.
 G = Mean time per level.
                   A        B        C        D        E       F      G
               +--------+--------+--------+--------+--------+-----+--------+
         Total |    192 |    192 |      0 |     75 |      0 |   1 |  192.0 |
       Dungeon |    192 |    192 |      0 |     75 |      0 |   1 |  192.0 |
               +--------+--------+--------+--------+--------+-----+--------+

Top non-repeatable levels by time:
       D: 192 daAuts
